[Event "Khanty-Mansiysk FIDE GP"]
[Site "Khanty-Mansiysk"]
[Date "2015.05.17"]
[Round "4"]
[White "Vachier Lagrave, Maxime"]
[Black "Caruana, Fabiano"]
[Result "0-1"]
[ECO "D38"]
[WhiteElo "2754"]
[BlackElo "2803"]
[Annotator "Wagner,D"]
[PlyCount "86"]
[EventDate "2015.05.14"]
[EventType "tourn"]
[EventRounds "11"]
[EventCountry "RUS"]
[EventCategory "21"]
[SourceTitle "CBM 167"]
[Source "ChessBase"]
[SourceDate "2015.07.13"]
[SourceVersion "1"]
[SourceVersionDate "2015.07.13"]
[SourceQuality "1"]
[TimeControl "40/7200:20/3600:900+30"]

1. d4 Nf6 2. c4 e6 3. Nf3 d5 4. Nc3 Bb4
{[%emt 0:00:05] The Ragozin is one of the most popular openings against 1.d4
nowadays!} (4... c6 5. Bg5 Nbd7 6. e3 Qa5 7. cxd5 exd5 8. Bd3 Ne4 9. O-O Nxg5
10. Nxg5 $14 {This specific position is supposed to be favourable for White.
Compared to the game White didn't waste time on Rc1 and his lead in
development is clearly visible.}) 5. cxd5 exd5 6. Bg5 Nbd7 (6... h6 $5 {is the
alternative here.}) 7. Rc1 $5 {[%emt 0:05:19] With the obvious idea of
preventing c5.} (7. e3 {is the main move.}) 7... c6 (7... c5
8. dxc5 Qa5 9. Bd2 $1 $16 {That's the point, without a pawn on e3 the bishop
can retreat.}) 8. e3 (8. a3 {has been played more often.}
Bxc3+ (8... Bd6 {is also not dangerous for Black.} 9. e3 O-O 10. Be2 Re8 11.
Bh4 Nf8 12. Bg3 Ng6 13. Bxd6 Qxd6 14. O-O Bg4 $11 {0-1 (44) Zubov,A (2588)
-Moiseenko,A (2701) Lvov 2014}) 9. Rxc3 (9. bxc3 Qa5 10. Qb3 Ne4 11. Qb4 (11.
e3 O-O $11) 11... Qxb4 12. cxb4 a5 $15 {0-1 (32) Kurbonboeva,S (2235)-Safarli,
E (2641) Tashkent 2015}) 9... h6 10. Re3+ $5 Kf8 11. Bxf6 Nxf6 12. g3 g6 13.
Bg2 Kg7 14. O-O Ne4 {1/2-1/2 (25) Ivekovic,B (2300)-Palac,M (2581) Zagreb 2015;
with a funny, but equal position.}) (8. Qc2 h6 9. Bh4 g5 10. Bg3 Ne4 11. Nd2 (
11. e3 h5 $1 12. Bd3 h4 13. Bxe4 hxg3 14. Bf5 gxf2+ 15. Kxf2 Nf6 $11) 11...
Ndf6 12. e3 Nxg3 (12... Nxd2 $1 13. Qxd2 (13. Kxd2 $5 Ne4+ 14. Kd1 Bxc3 15.
bxc3 Bf5 16. Bd3 O-O 17. f3 Nxg3 18. hxg3 Bxd3 19. Qxd3 Qf6 $11) 13... Ne4 14.
Qc2 h5 15. f3 Nxg3 16. hxg3 Bd6 17. Kf2 h4 $15) 13. hxg3 Qe7 14. Bd3 Be6 15. a3
Bd6 16. Na4 Rd8 17. Nc5 Bc8 18. b4 Ng4 {1-0 (41) Carlsen,M (2813)-Grischuk,A 
(2756) Nice 2010; with complicated and unclear play, where Black is not worse.}
) 8... Qa5 $1 9. Bd3 (9. Qb3 Ne4 10. Bf4 (10.
Bd3 O-O 11. O-O Nxg5 12. Nxg5 Nf6 13. a3 Bd6 14. Qc2 h6 15. Nh7 Nxh7 16. Bxh7+
Kh8 $11) 10... c5 11. a3 Bxc3+ 12. bxc3 c4 13. Qb4 Qxb4 14. axb4 a5 $11 {
1-0 (41) Mamedyarov,S (2741)-Halkias,S (2566) Bursa 2010}) 9... Ne4 10. O-O Nxg5 11. Nxg5 {[%emt 0:00:14]
This position reminds me of a similar scenario in the Campridge Springs (see
above). White has given up the pair of bishops, but intends to use the outpost
on e5 by playing f4,Nf3,Ne5.} Nf6 12. Qc2 h6 13. Nf3 Bd6 (13... O-O $5
14. h3 Be6 15. Ne5 c5 16. f4 (16. dxc5 Qxc5 17. a3 Bxc3 18. Qxc3 Qxc3 19. Rxc3
Rac8 $11) 16... cxd4 17. exd4 Rac8 $11 {1-0 (32) Sargissian,G (2677)-Cramling,
P (2536) Villafranca 2010}) 14. Ne5 Ng4 $1 {[%emt 0:06:05]
Caruana tries to interfere with White´s plans.} 15. Nf3 (15.
Nxg4 Bxg4 16. h3 Be6 $11 {is not dangerous at all.}) 15... Nf6 16. h3 {[%emt 0:00:23] Of course MVL doesn´t agree to the repetition and
prepares the knight invasion first.} O-O 17. Ne5 a6 $1 {[%emt 0:00:37][%cal Gc6c5] The first novelty of the game, although
probably neither players knew that, as they had already used quite a huge
amount of time.} (17... c5 $2 {is premature.} 18. Nb5 $1 {This explains the
necessary prophylaxis 17.-a6.} Bxe5 19. dxe5 Nd7 20. f4 c4 21. Bh7+ Kh8 22. Nd6
$16 {1-0 (30) Gelfand,B (2758)-Jakovenko,D (2736) Khanty-Mansiysk 2009}) 18. f4 (18. Na4 $5 {preventing Black´s idea, before initiating play
of his own comes into consideration. I give some sample lines:} Qc7 19. f4 Re8
20. Nc5 (20. a3 a5 21. g4 (21. Rf3 Be6 22. Nc5 (22. Rg3 Rad8 23. Qe2 Kh8 24.
Bb1 Re7 $11) 22... Bxc5 23. Qxc5 Ne4 24. Bxe4 dxe4 25. Rf2 f6 26. f5 fxe5 27.
fxe6 exd4 28. Rf7 Qg3 29. Qxd4 Rxe6 30. Rxb7 Kh7 $11) (21. Nc5 $1) 21... Be6
22. Nc5 Bxc5 23. Qxc5 Nd7 $11) 20... a5 21. a3 Re7 (21... Nd7 22. Bh7+ Kf8 23.
Ncxd7+ Bxd7 24. Rf3 $36) 22. Qf2 Nd7 23. Na4 $1 Nf6 24. Qh4 {White has some
initiative.}) 18... c5 19. g4 {[%emt 0:04:16] This pawn
thrust is aggressive, but rather risky, too. If the position opens, the king
is going to be very weak.} ({I prefer a move like this one, possibly preparing
the regroupment Bb1, Qc2:} 19. Qf2 Be6 20. a3 Rfe8 $1 (20... c4 21. Bb1 Rfe8
22. Qc2 b5 23. g4 $40) 21. Bb1 Rad8 22. Qc2 Qc7 23. g4 b5 $132) 19... cxd4 20. exd4 Be6 21. Qb3 $6 {
[%emt 0:10:21] I assume that this was played with the idea of f5 in mind and
is a first step in the wrong direction. White has to be extremly careful and
should keep control over his position, with a useful move like Kg2.} (21. g5 $2
hxg5 22. fxg5 Bxe5 23. dxe5 Nd7 $17) (21. Kg2 {It makes sense to move the king
out of the diagonal g1-a7. The white queen will go to f2, and later, at the
right moment, g5 might follow. Black has counterplay, too and the position
should be dynamically balanced, althoug probably easier to play with Black,
since White has a long-term problem with his king safety.} b5 22. a3 Qb6 23.
Qf2 Rad8 24. Rfe1 Bc8 25. g5 (25. Bb1 Bb7 26. Rcd1 Rfe8 27. Qc2 {is not so
effective here.} (27. Qf3 b4 $132) 27... Ne4 $1) 25... hxg5 26. fxg5 Ne4 (26...
Nh5 $5) 27. Nxe4 dxe4 28. Bxe4 Bxe5 29. dxe5 Bxh3+ 30. Kg3 Qxf2+ 31. Kxf2 g6
$11) 21... b5 22. f5 (22. Qc2 {Returning the
queen is safer, but of course not very principled.}) 22... Qb6 $1 23. Nf3 Bc8 24. Kg2 $6 (24. Nxd5 $1 Nxd5 25. Be4 $1 {It´s very difficult to decide on this sequence
during a game, because it´s easy to miss something due to White´s bad king
safety.} Nc7 26. Rc6 $1 {All the following complications should somehow end in
a draw.} Qb7 (26... Qb8 27. Rxd6 Ne8 28. Bxa8 Qxd6 29. Kg2 Nf6 30. Ne5 $1 Qxd4
31. Re1 {Somehow White is holding here.} Qd2+ 32. Kf1 Bxf5 33. gxf5 Rxa8 34.
Qxf7+ Kh7 35. Qg6+ $11) 27. Nd2 Be7 (27... Re8 28. Rxd6 Rxe4 29. Nxe4 Qxe4 30.
Rd8+ Kh7 31. Qxf7 Qe3+ 32. Kh2 Qe2+ $11) 28. f6 Bxf6 29. Rcxf6 (29. Rfxf6 Qa7 (
29... gxf6 30. Rxf6 $18) 30. Rf2 Ne6 31. Rd6 Qe7 32. Qg3 $11) 29... Qa7 30.
Rxf7 Qxd4+ 31. Kh1 Be6 32. Rxf8+ Rxf8 33. Rxf8+ Kxf8 34. Qc2 {with a tenable
position.}) 24... Bb7 $17 {[%emt 0:06:31] White has a lot of space on the
kingside, but his position turns out to be over-extended. In the long run he
is going to have major difficulties with his king.} 25. Na4 Qa7 26. Nc5 Rac8 27. a4 (27. Nxb7 Qxb7 28. a4 (28. Rfe1 Bb8 $40) 28... b4 {is also
difficult for White. The opposite-coloured bishops increase Black's attacking
potential.} 29. Ne5 Qb6 $1 (29... Rfe8 30. Rxc8 Rxc8 31. Re1 Qb6 32. Nf3 a5 $15
) 30. Nf3 Bb8 $1 31. Rxc8 Rxc8 32. Rf2 Qd6 33. Ne5 Ba7 34. Nf3 (
34. Rc2 Re8 $19) 34... Ne4 $19) 27... Bxc5 28. dxc5 d4 $1 {[%emt 0:02:06] This is even more convincing than the natural ...
Rxc5.} (28... Rxc5 29. Rxc5 Qxc5 30. axb5 axb5 31. Qxb5 Qa7 32. Qb4 d4 33. Kf2
Rd8 $19) 29. axb5 axb5 30. Qxb5 (30. Rfe1 Rxc5 31. Rxc5 Qxc5 32. Qxb5 Qc7 $19) 30... Bc6 $1 31. Qb6 Qd7 $1 32. Kg1 (32. Qa5 Rfe8 33. Rce1 Rxe1 34. Rxe1 Qb7 35. Rf1 Nd5 $19) 32... Rfe8 $19 {
[%emt 0:01:28] The game is more or less over. With such a weak king it's
impossible to survive.} 33. Rce1 Rxe1 34.
Nxe1 Re8 35. Ng2 Nd5 36. Qb3 Ne3 37. Nxe3 dxe3 38. Qc4 Qc7 39. Qf4 Qxf4 40. Rxf4 e2 41. Bxe2 Rxe2 42. Rb4 Rg2+ 43. Kf1 Rc2 {[%emt 0:00:
07] A convincing counterattacking game by Caruana.} 0-1

[Event "Khanty-Mansiysk FIDE GP"]
[Site "Khanty-Mansiysk"]
[Date "2015.05.19"]
[Round "5"]
[White "Caruana, Fabiano"]
[Black "Jobava, Baadur"]
[Result "1/2-1/2"]
[ECO "B12"]
[WhiteElo "2803"]
[BlackElo "2699"]
[PlyCount "97"]
[EventDate "2015.05.14"]
[EventType "tourn"]
[EventRounds "11"]
[EventCountry "RUS"]
[EventCategory "21"]
[SourceTitle "CBM 167"]
[Source "ChessBase"]
[SourceDate "2015.07.13"]
[SourceVersion "1"]
[SourceVersionDate "2015.07.13"]
[SourceQuality "1"]
[TimeControl "40/7200:20/3600:900+30"]

1. e4 c6 2. d4 d5 3. e5 Bf5 4. Nf3 e6 5. Be2 f6 6. O-O fxe5 $146 7. Nxe5 Nd7 8. Bd3 Ngf6 9. Re1 Be7 10. Nf3 Ne4 11. Nc3 Ndf6 12. Bg5 O-O 13.
Nxe4 dxe4 14. Bxf6 exd3 15. Bxe7 Qxe7 16.
c3 c5 17. dxc5 Qxc5 18. Qd2 Bg4 19. Qxd3 Bxf3 20. gxf3 Qg5+ 21. Kh1 Rad8 22. Qe4 Qf5 23. Qxf5 Rxf5 24. Rad1 Rfd5 25. Rxd5 Rxd5 26. Re2 Kf7 27. f4 Rd1+ 28. Kg2 Rb1 29. Kf3 g6 30. b3 Rc1 31. c4 Rc3+ 32. Ke4 Ke7 33. Rd2 Rc1 34. Kf3 b6 35. Rd3 Ra1 36.
a4 Ra2 37. Ke3 a5 38. Kf3 Rb2 39. h3 Rc2 40. Kg3 Rb2 41. Re3 Kf6 42. f3 Ke7 43. Kh4 h6 44. Kg3 Rb1 45. h4 h5 46. Rc3 Kd6 47. f5 gxf5 48.
Kf4 Ke7 49. c5 1/2-1/2

[Event "Khanty-Mansiysk FIDE GP"]
[Site "Khanty-Mansiysk"]
[Date "2015.05.21"]
[Round "7"]
[White "Caruana, Fabiano"]
[Black "Gelfand, Boris"]
[Result "1/2-1/2"]
[ECO "D73"]
[WhiteElo "2803"]
[BlackElo "2744"]
[PlyCount "60"]
[EventDate "2015.05.14"]
[EventType "tourn"]
[EventRounds "11"]
[EventCountry "RUS"]
[EventCategory "21"]
[SourceTitle "CBM 167"]
[Source "ChessBase"]
[SourceDate "2015.07.13"]
[SourceVersion "1"]
[SourceVersionDate "2015.07.13"]
[SourceQuality "1"]
[TimeControl "40/7200:20/3600:900+30"]

1. d4 Nf6 2. c4 g6 3. g3 c6 4. Nf3 Bg7 5. Bg2 d5 6. cxd5 cxd5 7. Nc3 O-O 8.
Ne5 Bf5 9. Be3 Qb6 10. Qd2 Nc6 11. Rc1 Rac8 12. O-O Rfd8 13. Na4 Qb5 14. b3 Nxe5 15. dxe5 Ne4 16. Qb2 b6 17. Bd4 Qb4 18. Rfd1 Rxc1 19. Rxc1 Rc8 20. e3 Nc5 21. e6 Bxe6 22. Bxg7 Nxa4 23. Rxc8+ Bxc8 24. Qa1 f6 25. Bxf6 exf6 26. Bxd5+ Kg7 27. bxa4 Qxa4 28. e4 Qb5 29. Kg2 Qc5 30. Qd1 Bd7 1/2-1/2

[Event "Khanty-Mansiysk FIDE GP"]
[Site "Khanty-Mansiysk"]
[Date "2015.05.26"]
[Round "11"]
[White "Giri, Anish"]
[Black "Caruana, Fabiano"]
[Result "1/2-1/2"]
[ECO "D40"]
[WhiteElo "2776"]
[BlackElo "2803"]
[PlyCount "74"]
[EventDate "2015.05.14"]
[EventType "tourn"]
[EventRounds "11"]
[EventCountry "RUS"]
[EventCategory "21"]
[SourceTitle "CBM 167"]
[Source "ChessBase"]
[SourceDate "2015.07.13"]
[SourceVersion "1"]
[SourceVersionDate "2015.07.13"]
[SourceQuality "1"]
[TimeControl "40/7200:20/3600:900+30"]

1. c4 {[%emt 0:00:01] One of the results that needed to go Jakovenko's way for
the Russian to qualify was for Caruana to lose. That did not come close to
happening - even though Giri's position was slightly preferable from the
opening, his attack on the kingside initiated with a quick g4 advance
backfired badly. Caruana had the much better position, he decided to play it
safe and draw the game, securing his place.} c5 2. Nf3 Nf6 3. Nc3 Nc6 4. e3 e6 5. d4 d5 6. a3 a6 7. dxc5 Bxc5 8. b4 Ba7 9. Bb2 O-O 10. Qc2 Qe7 11. Rd1 Rd8 12. Be2 dxc4 13. Rxd8+ Nxd8 14. Ne4 Nxe4 15. Qxe4 c3 16. Bxc3 Bd7 17. O-O Rc8 18. Bb2 $146 (18. Rc1 Ba4 19. h4 Bb8 20.
Qb1 f5 21. g3 Nf7 22. Ba1 Rxc1+ 23. Qxc1 Bc6 24. Qc3 Nd6 25. Qc5 Bd5 26. Be5
Qd8 27. Qc2 Nf7 28. Bxb8 Qxb8 29. Nd4 Nd6 30. a4 Qc8 31. Qd1 Ne4 32. Bf1 Qc3
33. Bg2 Qxb4 34. Nxf5 Qf8 35. Bxe4 Bxe4 36. Nd4 Bd5 37. Qh5 h6 38. Qe5 Qb4 39.
f3 Qxa4 40. e4 Bc4 41. Nxe6 Qd1+ 42. Kh2 Qd2+ 43. Kg1 Qe1+ 44. Kh2 Qd2+ 45. Kg1
Qd7 46. Qb8+ Kf7 47. Nf4 a5 {Wang,H (2752)-Gelfand,B (2773) Beijing 2013 1/2-1/
2 (83)}) 18... Bc6 19. Qb1 Ba4 20. Bd3 h6 21. Qa1 Qf8 22. g4 $5 Bb8 23. g5 hxg5 24. Nxg5 f6 25. Ne4 Nf7 26. Qb1 Qe7 27. Rc1 Bc6 28. b5 axb5 29. Bxb5 f5 30.
Ng3 Ng5 31. Bxc6 bxc6 32. Rd1 c5 33. Ba1 Be5 34. Bxe5 Nf3+ 35. Kg2 Nxe5 36. Qb5 Qc7 37. Qa6 Qc6+ 1/2-1/2

[Event "Paris GCT Rapid"]
[Site "Paris"]
[Date "2017.06.23"]
[Round "9"]
[White "Vachier Lagrave, Maxime"]
[Black "Caruana, Fabiano"]
[Result "1/2-1/2"]
[ECO "C54"]
[WhiteElo "2796"]
[BlackElo "2808"]
[PlyCount "92"]
[EventDate "2017.06.21"]
[EventType "tourn (rapid)"]
[EventRounds "9"]
[EventCountry "FRA"]
[EventCategory "22"]
[SourceTitle "CBM 179"]
[Source "ChessBase"]
[SourceDate "2017.07.12"]
[SourceVersion "1"]
[SourceVersionDate "2017.07.12"]
[SourceQuality "1"]
[TimeControl "1500"]

1. e4 e5 2. Nf3 Nc6 3. Bc4 Bc5 4. c3 Nf6 5. d3 d6 6. O-O a6 7. a4 O-O 8. Re1 Be6 9. Bxe6 fxe6 10. b4 Ba7 11. Ra2 Ne7 12. Nbd2 Ng6 13.
Nf1 Qd7 14. d4 exd4 15. cxd4 d5 16. e5 Ne4 17. Qb3 a5 18.
bxa5 c5 19. Ng3 Nxg3 20. hxg3 cxd4 21. Ba3 Rfc8 22. Qb5 Qf7 23. Rd2 h6 24. Bb2 Rc5 25. Qb3 Rxa5 26. Bxd4 Qd7 27. Qb1 Ne7 28. Rb2 Rb8 29. Bxa7 Rxa7 30. Rb6 Nc6 31. Rc1 Rf8 32. a5 Nxa5 33. Nd4 Nc6 34. Nxc6 bxc6 35. Rcxc6 Qf7 36. f4 Ra3 37. Kf2 Qa7 38. Qg6 Qa4 39. Kg1 Ra1+ 40. Kh2 Qd1 41. Qxe6+ Kh8 42. Qxh6+ gxh6 43. Rxh6+ Kg7 44. Rhg6+ Kh7 45. Rh6+ Kg7 46.
Rhg6+ Kh7 1/2-1/2

[Event "Norway Chess 6th"]
[Site "Stavanger"]
[Date "2018.06.03"]
[Round "6"]
[White "Aronian, Levon"]
[Black "Caruana, Fabiano"]
[Result "1/2-1/2"]
[ECO "D24"]
[WhiteElo "2764"]
[BlackElo "2822"]
[PlyCount "56"]
[EventDate "2018.05.28"]
[EventType "tourn"]
[EventRounds "9"]
[EventCountry "NOR"]
[EventCategory "22"]
[SourceTitle "CBM 185"]
[Source "ChessBase"]
[SourceDate "2018.07.13"]
[SourceVersion "1"]
[SourceVersionDate "2018.07.13"]
[SourceQuality "1"]
[TimeControl "60"]

1. d4 Nf6 2. Nf3 d5 3. c4 e6 4. Nc3 dxc4 5. e4 Bb4 6. Bxc4 Nxe4 7. O-O Nf6 8.
Qa4+ Nc6 9. Ne5 Rb8 10. d5 exd5 11. Nxd5 Nxd5 12. Nxc6 bxc6 13. Qxc6+ Qd7 14.
Bxd5 O-O 15. Qxd7 Bxd7 16. Be3 Bd6 17. b3 a5 18. Rfd1 a4 19. Rac1 axb3 20. axb3
Rfe8 21. h3 Be6 22. Bxe6 Rxe6 23. Bc5 Bxc5 24. Rxc5 g6 25. Rxc7 Rxb3 26. Rcd7
Rb8 27. Rd8+ Rxd8 28. Rxd8+ Kg7 1/2-1/2